 Dungeon Crawl Stone Soup version 0.26.1-2-gb8aa6d0cf2 (webtiles) character file.

Game seed: 221882877070468805

51 CrazyMind the Skirmisher (level 3, 0/33 HPs)
             Began as a Palentonga Fighter on Mar 30, 2021.
             Slain by an adder (2 damage)
             ... on level 2 of the Dungeon.
             The game lasted 00:08:18 (1229 turns).

CrazyMind the Skirmisher (Palentonga Fighter)       Turns: 1229, Time: 00:08:19

Health: 0/33       AC:  6    Str: 20    XL:     3   Next: 57%
Magic:  3/3        EV:  5    Int:  8    God:
Gold:   74         SH:  8    Dex:  9    Spells: 2/2 levels left

rFire    . . .     SeeInvis +   a - +0 flail
rCold    . . .     Faith    .   c - +0 kite shield
rNeg     . . .     Spirit   .   b - +0 scale mail
rPois    .         Reflect  .   (no helmet)
rElec    .         Harm     .   (no cloak)
rCorr    .         Rampage  .   (no gloves)
Will     .....                  (no barding)
Stlth    ..........             h - amulet of magic regeneration
HPRegen  0.11/turn              (no ring)
MPRegen  0.33/turn              (no ring)

@: lethally poisoned (0 -> -3)
A: large, rugged brown scales 3, see invisible, deformed body, roll 1, armoured
tail
a: Rolling Charge


You were on level 2 of the Dungeon.
You visited 1 branch of the dungeon, and saw 2 of its levels.

You collected 74 gold pieces.

Inventory:

Hand Weapons
 a - a +0 flail (weapon)
Armour
 b - a +0 scale mail (worn)
 c - a +0 kite shield (worn)
 j - a +0 leather armour
 l - a +0 ring mail
Jewellery
 d - an uncursed ring of fire
 h - an amulet of magic regeneration (around neck)
Scrolls
 f - 3 scrolls of identify {unknown}
 g - a scroll of enchant armour {unknown}
 i - 2 scrolls of magic mapping {unknown}
 k - a scroll of remove curse {unknown}
 m - a scroll of enchant weapon {unknown}
Potions
 e - a potion of curing
 n - a potion of mutation {unknown}
 o - a potion of flight {unknown}


   Skills:
 + Level 3.3 Fighting
 + Level 2.4 Maces & Flails
 + Level 2.9 Armour
 + Level 0.2 Dodging
 + Level 2.8 Shields


You had 2 spell levels left.
You didn't know any spells.
Your spell library was empty.

Dungeon Overview and Level Annotations

Branches:
Dungeon (2/15)

Altars:

Annotations:
D:2 Robin


Innate Abilities, Weirdness & Mutations

You are completely covered in rugged brown scales. (AC +3, +7% HP)
You have supernaturally acute eyesight. (SInv)
Armour fits poorly on your strangely shaped body.
You can roll at nearby foes to attack.
You have a long armoured tail.


Message History

The goblin hits you but does no damage. The adder bites you but does no damage.
You block the bat's attack. You block the adder's attack.
The goblin hits you but does no damage.
You feel sick. You block the bat's attack. The adder bites you.
* * * LOW HITPOINT WARNING * * *
You block the goblin's attack. The adder barely misses you.
The bat hits you but does no damage. You block the adder's attack.
You block the goblin's attack.
You feel sick. The bat barely misses you.
The adder bites you but does no damage.
Robin roars a battlecry!
You block the goblin's attack.
You hear a shout!
The bat barely misses you. The adder barely misses you.
Robin throws the goblin at you! The goblin hits you with a +0 club.
* * * LOW HITPOINT WARNING * * *
The adder bites you but does no damage. The bat hits you but does no damage.
You block the goblin's attack. The adder bites you.
You die...

............>..........#
............######.#####
.....# #..# .....# #.##
.....### ##g# ..†....#
#gg# #.####.## #g## #...
#..# ######S######
###.###.###.....@.....##
.......<#...>.gg......##
......#....÷...b.......#
......##...............#
......##...............#
... #...............# ##
#...............#
#...............#
##.......).....##


You could see Robin, an adder, a hobgoblin (strong), 4 goblins and a bat.

Vanquished Creatures
  An adder (D:2)
  A leopard gecko (D:2)
  A giant cockroach (D:1)
  8 goblins (D:1)
  2 hobgoblins (D:1)
  7 jackals (D:1)
  3 bats
  8 frilled lizards (D:1)
  3 kobolds (D:1)
  4 rats
38 creatures vanquished.

Notes
Turn   | Place    | Note
-------+----------+-------------------------------------------
     0 | D:1      | CrazyMind the Palentonga Fighter began the quest for the
                  | Orb.
     0 | D:1      | Reached XP level 1. HP: 20/20 MP: 1/1
    86 | D:1      | You fall into a shaft and drop 1 floor!
   157 | D:1      | Reached XP level 2. HP: 16/27 MP: 2/2
   710 | D:1      | Reached XP level 3. HP: 27/33 MP: 3/3
  1198 | D:2      | Noticed Robin
  1229 | D:2      | Slain by an adder

Illustrated notes

Levels and vault maps discovered:
D:1:      lightli_arrival_windingriver, layout_rooms,
          hangedman_decor_clover_reticule, minmay_lizard_pond
D:2:      layout_rooms, grunt_temple_overflow_diamond, grunt_gozag_statues,
          uniq_robin, uniq_crazy_yiuf_cottage

Action                   || total
-------------------------++-------
Melee: Flail             ||   162
       Tailslap          ||     8
 Abil: Rolling Charge    ||    13
  Use: Potion            ||     2
Armor: Scale mail        ||   106
Dodge: Dodged            ||    46
Block: Kite shield       ||   107
